 Dungeon Crawl Stone Soup version 0.24.0-123-gd5b16e6ec5 (webtiles) character file.

Game seed: 9529491781819849674, levelgen mode: deterministic

10441 Chiseanne the Fighter (level 11, -15/92 HPs)
             Began as a Demonspawn Warper on Jan 10, 2020.
             Was an Elder of Nemelex Xobeh.
             Killed from afar by Josephine (17 damage)
             ... with a ghostly fireball
             ... on level 11 of the Dungeon.
             The game lasted 00:28:38 (13270 turns).

Chiseanne the Fighter (Demonspawn Warper)          Turns: 13270, Time: 00:28:39

Health: -15/92     AC:  9    Str: 14    XL:     11   Next: 36%
Magic:  25/25      EV: 11    Int: 14    God:    Nemelex Xobeh [****..]
Gold:   412        SH:  0    Dex: 14    Spells: 11/31 levels left

rFire    + . .     SeeInvis .   H - +3 quarterstaff (chaos)
rCold    . . .     Gourm    .   (shield currently unavailable)
rNeg     . . .     Faith    .   c - +3 leather armour {rF+}
rPois    .         Spirit   .   p - +0 helmet
rElec    .         Reflect  .   I - +0 cloak
rCorr    .         Harm     .   C - +0 pair of gloves
MR       .....                  (no boots)
Stlth    ++++......             q - amulet of magic regeneration
HPRegen  0.25/turn              (no ring)
MPRegen  0.44/turn              (no ring)

@: slowed, drained, very slow
A: nightstalker 3, spiny 1
a: Draw Escape, Draw Destruction, Draw Summoning, Triple Draw, Deal Four,
Renounce Religion


You were on level 11 of the Dungeon.
You worshipped Nemelex Xobeh.
Nemelex Xobeh was greatly pleased with you.
You were near starving.

You visited 1 branch of the dungeon, and saw 11 of its levels.

You collected 440 gold pieces.
You spent 28 gold pieces at shops.

Inventory:

Hand Weapons
 a - a +1 short sword of venom
 s - a +0 falchion of protection
 v - a +1 hand axe of flaming
 x - a +1 whip of freezing
 y - a +2 scimitar of flaming
 D - a +2 long sword
 H - a +3 quarterstaff of chaos (weapon)
 M - a +2 antimagic quarterstaff
 W - a +3 hunting sling
Missiles
 g - 127 stones
 l - 351 arrows
 r - 18 poisoned darts (quivered)
 t - 2 javelins
 u - 5 boomerangs
 K - 38 bolts
 L - 57 sling bullets
 P - 2 throwing nets
 R - 6 silver javelins
Armour
 c - a +3 leather armour of fire resistance (worn)
 p - a +0 helmet (worn)
 C - a +0 pair of gloves (worn)
 I - a +0 cloak (worn)
 N - a +2 leather armour of cold resistance
Magical Staves
 O - an uncursed staff of earth
 S - an uncursed staff of poison
Jewellery
 q - an amulet of magic regeneration (around neck)
 B - an uncursed amulet of rage
 G - an uncursed ring of fire
 U - the ring "Diwnunou" {rC+ rN+ Str+6 Stlth+}
   (You took it off a crimson imp on level 9 of the Dungeon)

   [ring of strength]

   It affects your strength (+6).
   It protects you from cold.
   It protects you from negative energy.
   It makes you more stealthy.
Wands
 b - a wand of disintegration (7)
 A - a wand of acid (4)
 F - a wand of digging (5)
 T - a wand of random effects (11)
 V - a wand of iceblast (8)
 X - a wand of enslavement (12)
Scrolls
 d - 2 scrolls of blinking
 h - 8 scrolls of remove curse
 i - 3 scrolls of teleportation
 n - 6 scrolls of identify
 Q - 2 scrolls of magic mapping
Potions
 e - a potion of magic
 j - 3 potions of brilliance
 k - a potion of resistance
 m - a potion of ambrosia
 o - 2 potions of mutation
 w - 5 potions of lignification
 z - a potion of flight
 E - 2 potions of might
 J - 2 potions of curing
Comestibles
 f - 17 rations
 Y - 2 chunks of flesh


   Skills:
 - Level 10.7(9.3) Fighting
 - Level 1.7(0.7) Long Blades
 - Level 0.8(0.0) Throwing
 - Level 0.8(0.0) Armour
 - Level 1.7(0.7) Dodging
 - Level 10.7(9.4) Spellcasting
 + Level 8.8(7.5) Translocations


You had 11 spell levels left.
You knew the following spells:

 Your Spells              Type           Power        Failure   Level  Hunger
a - Blink                 Tloc           N/A          1%          2    None
b - Shroud of Golubria    Chrm/Tloc      ###...       4%          2    None
c - Lesser Beckoning      Tloc           ####......   1%          3    #......
d - Teleport Other        Tloc           ####....     1%          3    #......
e - Passage of Golubria   Tloc           N/A          6%          4    ###....
f - Conjure Flame         Conj/Fire      #.......     38%         3    #......
g - Mephitic Cloud        Conj/Pois/Air  #.......     38%         3    #......

Your spell library contained the following spells:

 Spells                   Type           Power        Failure   Level  Hunger
 Gell's Gravitas          Tloc           ####......   1%          3    #......
 Animate Skeleton         Necr           N/A          14%         1    None
 Magic Dart               Conj           #...         14%         1    None
 Pain                     Necr           #...         14%         1    None
 Shock                    Conj/Air       #...         14%         1    None
 Call Imp                 Summ           #.......     22%         2    None
 Slow                     Hex            #.......     22%         2    None
 Regeneration             Chrm/Necr      #.........   38%         3    #......
 Vampiric Draining        Necr           #.........   38%         3    #......
 Animate Dead             Necr           N/A          80%         4    ###....
 Fulminant Prism          Conj/Hex       #.........   80%         4    ###....
 Bolt of Cold             Conj/Ice       #.........   100%        6    ######.
 Orb of Destruction       Conj           #.........   100%        7    #######


Dungeon Overview and Level Annotations

Branches:
Dungeon (11/15)            Temple (0/1) D:7
   Lair: D:8-11         Orc: D:9-12

Altars:
Dithmenos
Elyvilon
Fedhas
Hepliaklqana
Nemelex Xobeh
Qazlal
Trog

Shops:
D:8 *

Annotations:
D:6 2 transporters, fritzmikael's ghost, novice DsNe
D:11 Josephine


Innate Abilities, Weirdness & Mutations

You are completely attuned to the shadows.
You are partially covered in sharp spines.


Message History

The wraith closely misses you.
A wight comes into view. It is wielding a +0 hand axe.
Josephine casts a spell at you.
The ghostly flame explodes!
The ghostly fireball engulfs you!!
You feel drained.
* * * LOW HITPOINT WARNING * * *
The ghostly fireball engulfs Josephine.
Josephine completely resists.
The ghostly fireball engulfs the wraith.
The wraith completely resists.
The wraith hits you.
* * * LOW HITPOINT WARNING * * *
The wraith drains your vigour!
You feel as though you will be slow longer.
You hit Josephine.
Josephine is severely wounded.
Josephine is struck by your spines. Josephine completely misses you.
The wraith hits you but does no damage.
Josephine gestures at you while chanting.
The ghostly flame explodes!
The ghostly fireball engulfs you!
You feel drained.
You die...
Your body disappears without a glow.

#)......>.......##........
#).###########..####.#####
#...... .............
#..###########..####.###.#
#......#)..........#......
#...##.#.#.......#.#.###.#
###.#.<#.#.#Zz.........#
#.#..#.#.#@#...#.#.#.#
#.#..#+#.#@#.#.#.#.#.#
#.#......#W#.#.#.#.#.#
#......#W#.#...#.#.#
......#W#.#... ......#o#.#
..........# .......W.o#
##...)....# #........#


You could see Josephine, 3 wraiths, a wight, an orc and a bullfrog zombie.

Vanquished Creatures
  Harold (D:7)
  Erica (D:8)
  A two-headed ogre (D:9)
  Pikel (D:4)
  A centaur zombie (D:10)
  Joseph (D:7)
  2 trolls (D:10)
  Grinder (D:4)
  A hippogriff (D:9)
  A yak (D:9)
  2 hogs (D:9)
  A human (D:9)
  A wraith (D:10)
  2 hungry ghosts
  A steam dragon (D:9)
  Grum (D:9)
  Menkaure (D:5)
  Edmund (D:6)
  A water moccasin (D:9)
  2 floating eyes (D:9)
  2 orc warriors
  An ice beast (D:7)
  A sky beast (D:9)
  A black bear (D:9)
  A necrophage (D:9)
  2 phantoms
  2 wolves (D:9)
  8 centaurs
  An ogre (D:6)
  2 big kobolds (D:9)
  Blork the orc (D:4)
  4 bullfrogs
  6 scorpions
  4 killer bees (D:10)
  2 howler monkeys
  9 wights
  2 bullfrog zombies
  4 crimson imps
  A quasit (D:5)
  Crazy Yiuf (D:6)
  A gnoll shaman (D:5)
  3 hounds (D:9)
  8 orc priests
  2 centaur skeletons (D:9)
  3 jellies
  Jessica (D:3)
  3 iguanas
  Ijyb (D:4)
  13 orc wizards
  6 worker ants
  A hound zombie (D:9)
  5 worker ant zombies
  Robin (D:2)
  12 gnolls
  10 adders
  A shadow imp (D:4)
  An ooze (D:2)
  An adder zombie (D:5)
  An adder skeleton (D:8)
  3 worms
  A dart slug (D:1)
  7 leopard geckos
  50 orcs
  6 giant cockroaches
  14 goblins
  5 hobgoblins
  4 jackals
  9 kobolds
  3 quokkas
  8 bats
  9 frilled lizards
  A quokka zombie (D:8)
  6 rats
279 creatures vanquished.

Vanquished Creatures (collateral kills)
  A hog (D:9)
  A yak (D:9)
2 creatures vanquished.

Vanquished Creatures (others)
  3 slaves (D:4)
  A ball lightning (D:8)
  An orc (D:4)
5 creatures vanquished.

Grand Total: 286 creatures vanquished

Notes
Turn   | Place    | Note
-------+----------+-------------------------------------------
     0 | D:1      | Chiseanne the Demonspawn Warper began the quest for the
                  | Orb.
     0 | D:1      | Reached XP level 1. HP: 16/16 MP: 3/3
    96 | D:1      | Gained mutation: You are partially covered in sharp spines.
                  | [demonic ancestry]
    96 | D:1      | Reached XP level 2. HP: 23/23 MP: 5/5
   836 | D:2      | Reached XP level 3. HP: 23/29 MP: 6/6
  1114 | D:2      | Noticed a scorpion
  1118 | D:2      | Killed a scorpion
  1118 | D:2      | Reached XP level 4. HP: 33/38 MP: 7/7
  1178 | D:2      | Noticed Robin
  1188 | D:2      | Killed Robin
  1188 | D:2      | Reached skill level 5 in Fighting
  1274 | D:2      | Found a sparkling altar of Nemelex Xobeh.
  1472 | D:2      | Gained mutation: You are slightly more attuned to the
                  | shadows. [demonic ancestry]
  1472 | D:2      | Reached XP level 5. HP: 33/44 MP: 8/8
  1778 | D:2      | Became a worshipper of Nemelex Xobeh the Trickster
  1945 | D:2      | Received a gift from Nemelex Xobeh
  2485 | D:3      | Noticed Jessica
  2507 | D:3      | Killed Jessica
  2578 | D:3      | Found a bloodstained altar of Trog.
  2635 | D:3      | Gained mutation: You are significantly more attuned to the
                  | shadows. [demonic ancestry]
  2635 | D:3      | Reached XP level 6. HP: 53/53 MP: 9/9
  3251 | D:4      | Found a white marble altar of Elyvilon.
  3357 | D:4      | Reached * piety under Nemelex Xobeh
  3408 | D:4      | Noticed a slave
  3408 | D:4      | Noticed a slave
  3411 | D:4      | Noticed Pikel
  3412 | D:4      | Noticed Ijyb
  3412 | D:4      | Noticed a slave
  3424 | D:4      | Noticed a slave
  3426 | D:4      | Noticed Blork the orc
  3431 | D:4      | Killed Ijyb
  3455 | D:4      | Killed Pikel
  3455 | D:4      | Reached XP level 7. HP: 25/63 MP: 10/10
  3465 | D:5      | Entered Level 5 of the Dungeon
  3466 | D:5      | Received a gift from Nemelex Xobeh
  3485 | D:4      | HP: 2/64 [shadow imp/nerve-wracking pain (11)]
  3803 | D:4      | Killed Blork the orc
  3885 | D:4      | Noticed Grinder
  3891 | D:4      | Killed Grinder
  4179 | D:4      | Identified the Compendium of Blows and Bruises
  4200 | D:4      | Learned a level 2 spell: Blink
  4203 | D:4      | Learned a level 2 spell: Shroud of Golubria
  4207 | D:4      | Learned a level 3 spell: Lesser Beckoning
  4211 | D:4      | Learned a level 3 spell: Teleport Other
  4259 | D:5      | Reached XP level 8. HP: 47/71 MP: 11/11
  4312 | D:5      | Reached skill level 10 in Fighting
  4433 | D:5      | Noticed Menkaure
  4443 | D:5      | Killed Menkaure
  4695 | D:5      | Found a blossoming altar of Fedhas.
  4788 | D:5      | Reached ** piety under Nemelex Xobeh
  5033 | D:5      | Received a gift from Nemelex Xobeh
  5406 | D:6      | Found a transporter.
  5409 | D:6      | Found a transporter.
  5410 | D:6      | Noticed fritzmikael's ghost (novice DsNe)
  5411 | D:6      | Noticed a queen bee
  5455 | D:6      | Noticed Edmund
  5471 | D:6      | Killed Edmund
  5746 | D:6      | Reached skill level 5 in Spellcasting
  5746 | D:6      | Reached XP level 9. HP: 42/79 MP: 16/16
  6218 | D:6      | Found a shadowy altar of Dithmenos.
  6328 | D:6      | Received a gift from Nemelex Xobeh
  6556 | D:6      | Found a runed translucent door.
  6558 | D:6      | Noticed Crazy Yiuf
  6567 | D:6      | Killed Crazy Yiuf
  6817 | D:6      | Reached *** piety under Nemelex Xobeh
  7404 | D:7      | Found a staircase to the Ecumenical Temple.
  7588 | D:7      | Noticed Joseph
  7617 | D:7      | Killed Joseph
  7809 | D:7      | Received a gift from Nemelex Xobeh
  7814 | D:7      | Noticed Harold
  7886 | D:7      | Killed Harold
  7886 | D:7      | Reached XP level 10. HP: 37/86 MP: 21/23
  8466 | D:8      | Noticed Erica
  8485 | D:8      | Killed Erica
  8485 | D:8      | Reached skill level 10 in Spellcasting
  8693 | D:8      | Found Wosch's General Store.
  8701 | D:8      | Bought a scroll of identify for 28 gold pieces
  9042 | D:8      | Received a gift from Nemelex Xobeh
  9210 | D:8      | Found a hazy altar of Hepliaklqana.
 10169 | D:9      | Reached skill level 5 in Translocations
 10270 | D:9      | Identified the ring "Diwnunou" {rC+ rN+ Str+6 Stlth+}
 10617 | D:9      | Found a stormy altar of Qazlal.
 10649 | D:9      | Noticed Grum
 10670 | D:9      | Killed Grum
 10670 | D:9      | Gained mutation: You are completely attuned to the shadows.
                  | [demonic ancestry]
 10670 | D:9      | Reached XP level 11. HP: 55/92 MP: 25/25
 10884 | D:9      | Paralysed by a floating eye for 3 turns
 10900 | D:9      | Paralysed by a floating eye for 2 turns
 10913 | D:9      | Learned a level 4 spell: Passage of Golubria
 10917 | D:9      | Learned a level 3 spell: Conjure Flame
 10921 | D:9      | Learned a level 3 spell: Mephitic Cloud
 10992 | D:9      | Noticed a two-headed ogre
 11018 | D:9      | Killed a two-headed ogre
 11280 | D:9      | Received a gift from Nemelex Xobeh
 11530 | D:10     | Entered Level 10 of the Dungeon
 11574 | D:10     | Reached **** piety under Nemelex Xobeh
 12827 | D:10     | Received a gift from Nemelex Xobeh
 13207 | D:11     | Received a gift from Nemelex Xobeh
 13246 | D:11     | Noticed Josephine
 13269 | D:11     | HP: 1/92 [wraith[Josephine] (5)]
 13270 | D:11     | Killed from afar by Josephine

Levels and vault maps discovered:
D:1:      scummos_arrival_hexagon, layout_rooms, kennysheep_boxes
D:2:      layout_basic, lemuel_coloured_pillars_altar, uniq_robin
D:3:      layout_loops_ring, lemuel_crystal_altar, minmay_three_crescents,
          uniq_jessica
D:4:      layout_loops_ring, elyvilon_altar_5, first_ration, uniq_blork_the_orc,
          uniq_ijyb, uniq_pikel, uniq_grinder
D:5:      layout_cave_pools, fedhas_ov_isle_minmay, uniq_menkaure
D:6:      layout_cave_pods, gammafunk_ghost_hive, serial_park,
          grunt_dithmenos_smoke_and_mirrors, uniq_crazy_yiuf_cottage,
          uniq_edmund
D:7:      layout_loops_ring, minmay_temple_entry_wispy, uniq_joseph, uniq_harold
D:8:      layout_loops_ring, kennysheep_mini_moat, serial_shops,
          kennysheep_little_box, uniq_erica
D:9:      layout_long_grid, nicolae_qazlal_general_emergency, grunt_livestock,
          onia_ninara_cookie, uniq_grum
D:10:     layout_gridville
D:11:     layout_basic, lair_entry_dummy, orc_david_3, enter_trove_3,
          hangedman_minor_magic, uniq_josephine, uniq_nergalle

Skill      XL: |  1  2  3  4  5  6  7  8  9 10 11 |
---------------+----------------------------------+-----
Fighting       | 3 4 5 6 8 9 10 | 10.7
Spellcasting   | 5 9 10 | 10.7
Translocations | 6 8 |  8.8
Long Blades    | |  1.7
Throwing       | |  0.8
Armour         | |  0.8
Dodging        | |  1.7

Action                   |  1- 3 |  4- 6 |  7- 9 | 10-12 || total
-------------------------+-------+-------+-------+-------++-------
Melee: Falchion          |    15 |       |    34 |    22 ||    71
       Short sword       |    25 |   156 |   211 |   291 ||   683
       Quarterstaff      |       |       |       |    26 ||    26
Throw: Boomerang         |       |     1 |     4 |       ||     5
       Javelin           |       |       |     7 |       ||     7
       Stone             |       |       |     1 |       ||     1
       Dart              |       |       |     2 |     7 ||     9
 Cast: Blink             |       |       |     1 |       ||     1
 Abil: Draw Destruction  |       |       |     4 |     5 ||     9
       Draw Summoning    |       |       |       |     3 ||     3
Evoke: Wand              |       |       |       |     2 ||     2
  Use: Scroll            |       |    11 |     7 |     5 ||    23
       Potion            |       |       |     1 |       ||     1
 Stab: Sleeping          |       |     7 |     8 |    19 ||    34
  Eat: Chunk             |       |     6 |     9 |    15 ||    30
       Ration            |       |       |     2 |     1 ||     3
Armor: Leather armour    |    11 |    34 |    75 |   163 ||   283
Dodge: Dodged            |    28 |    72 |   155 |   215 ||   470
       Rpst.: Falchion   |     5 |       |     7 |     4 ||    16
